 Dungeon Crawl Stone Soup version 0.28.0-45-g0d030f2227 (webtiles) character file.

Game seed: 10688082403321301168

131 Icepheonix32 the Chiller (level 4, 0/28 (32) HPs)
             Began as a Demonspawn Ice Elementalist on Apr 16, 2022.
             Was an Initiate of Vehumet.
             Slain by a necrophage (6 damage)
             ... on level 4 of the Dungeon.
             The game lasted 00:05:06 (4616 turns).

Icepheonix32 the Chiller (DsIE)                     Turns: 4616, Time: 00:05:07

HP:   0/28 (32)     AC:  3    Str: 11    XL:     4   Next: 91%
MP:   1/8           EV: 12    Int: 16    God:    Vehumet [......]
Gold: 141           SH:  0    Dex: 13    Spells: 1/8 levels left

rFire   . . .      SeeInvis .   j - staff of cold
rCold   + . .      Faith    .   (no shield)
rNeg    . . .      Spirit   .   a - +1 robe
rPois   .          Reflect  .   (no helmet)
rElec   .          Harm     .   (no cloak)
rCorr   .          Rampage  .   (no gloves)
Will    .....                   (no boots)
Stlth   ++........              (no amulet)
HPRegen 0.09/turn               h - ring of wizardry
MPRegen 0.11/turn               (no ring)

@: heavily drained
A: weakness stinger 1
a: Renounce Religion


You were on level 4 of the Dungeon.
You worshipped Vehumet.
Vehumet was noncommittal.
You visited 1 branch of the dungeon, and saw 4 of its levels.

You collected 141 gold pieces.

Inventory:

Hand Weapons
 e - a +0 dagger
Armour
 a - a +1 robe (worn)
 b - a +2 chain mail of cold resistance
Magical Staves
 f - a staff of death
 j - a staff of cold (weapon)
 k - a staff of poison
Jewellery
 h - a ring of wizardry (left hand)
Wands
 c - a wand of iceblast (10)
Scrolls
 d - 2 scrolls of identify
 g - a scroll of enchant armour
 i - a scroll of brand weapon


   Skills:
 * Level 1.3 Fighting
 + Level 0.1 Staves
 * Level 0.9 Armour
 + Level 2.1 Dodging
 + Level 2.0 Stealth
 + Level 2.8 Spellcasting
 * Level 4.5 Ice Magic


You had one spell level left.
You knew the following spells:

 Your Spells              Type           Power      Damage    Failure   Level
a - Freeze                Ice            100%       1d11      1%          1
b - Ozocubu's Armour      Ice            25%        N/A       3%          3
c - Frozen Ramparts       Ice            50%        1d7       3%          3

Your spell library contained the following spells:

 Spells                   Type           Power      Damage    Failure   Level
 Hailstorm                Conj/Ice       14%        3d5       28%         4


Dungeon Overview and Level Annotations

Branches:
Dungeon (4/15)
 Temple: D:4-7

Altars:
Ashenzari
Kikubaaqudgha
Vehumet
Xom
Yredelemnul

Annotations:
D:2 1 runed translucent door, Crazy Yiuf


Innate Abilities, Weirdness & Mutations

You have a small tail.


Message History

The necrophage hits you but does no damage.
You feel a surge of power!
You freeze the necrophage.
The necrophage resists.
The necrophage is severely damaged.
The necrophage hits you.
You feel drained.
You feel a surge of power!
You freeze the necrophage.
The necrophage resists.
The necrophage is almost destroyed.
The necrophage hits you.
You feel a surge of power!
You freeze the necrophage but do no damage.
The necrophage completely resists.
The necrophage completely misses you.
You are too depleted to draw on your mana recklessly!
You are too depleted to draw on your mana recklessly!
You barely miss the necrophage.
The necrophage is almost destroyed.
The necrophage hits you.
You feel drained.
You closely miss the necrophage.
The necrophage is almost destroyed.
The necrophage hits you but does no damage.
The necrophage barely misses you.
You barely miss the necrophage.
The necrophage is almost destroyed.
The necrophage barely misses you.
You barely miss the necrophage.
The necrophage is almost destroyed.
The necrophage hits you.
You completely miss the necrophage.
The necrophage is almost destroyed.
The necrophage hits you.
* * * LOW HITPOINT WARNING * * *
Unknown command.
You aren't carrying any potions.
You closely miss the necrophage. You tail-slap the necrophage.
The necrophage is almost destroyed.
The necrophage hits you.
* * * LOW HITPOINT WARNING * * *
You feel drained.
You hit the necrophage but do no damage.
The necrophage is almost destroyed.
The necrophage hits you.
You die...

####... ..#....
#....... #.≈≈≈≈≈≈ #
#.≈§§.... #.#
#.≈.≈≈≈§≈.§
#...####.≈.≈...≈.≈
#..Jn@...≈.§._.§.≈.
###.##...≈.≈...§.≈.
#......≈.≈≈.≈≈.≈..#
######.........≈..#
####.)≈≈≈≈≈≈≈≈≈..
#.....).........#
#...##..........#.#
#...###.............##.
_....._#..
#..............##.


You could see a necrophage and an endoplasm.

Vanquished Creatures
  A hound skeleton (D:4)
  Robin (D:2)
  3 adders
  An ufetubus (D:3)
  5 dart slugs
  4 orcs (D:3)
  3 bats (D:1)
  4 endoplasms
  10 goblins
  10 hobgoblins
  4 quokkas
  4 ball pythons
  A frilled lizard (D:1)
  A jackal skeleton (D:3)
  4 kobolds
  2 rats (D:3)
58 creatures vanquished.

Notes
Turn   | Place    | Note
-------+----------+-------------------------------------------
     0 | D:1      | Icepheonix32 the Demonspawn Ice Elementalist began the
                  | quest for the Orb.
     0 | D:1      | Reached XP level 1. HP: 13/13 MP: 3/3
   423 | D:1      | Gained mutation: You have a small tail. [demonic ancestry]
   423 | D:1      | Reached XP level 2. HP: 20/20 MP: 5/5
  1215 | D:2      | Reached skill level 4 in Ice Magic
  1560 | D:2      | Found a runed translucent door.
  1561 | D:2      | Noticed Crazy Yiuf
  1587 | D:2      | Noticed Robin
  1607 | D:2      | Reached XP level 3. HP: 4/25 MP: 1/6
  1639 | D:1      | HP: 1/25 [goblin/+0 dagger[Robin] (3)]
  2008 | D:1      | Learned a level 3 spell: Ozocubu's Armour
  2428 | D:2      | Killed Robin
  2660 | D:3      | Reached skill level 1 in Fighting
  2982 | D:3      | You fall into a shaft and drop 1 floor!
  3000 | D:4      | Reached XP level 4. HP: 29/32 MP: 6/8
  3174 | D:3      | Found a faded altar of an unknown god.
  3500 | D:3      | Learned a level 3 spell: Frozen Ramparts
  3666 | D:3      | Found an ancient bone altar of Kikubaaqudgha.
  3770 | D:3      | Found a radiant altar of Vehumet.
  4293 | D:3      | Became a worshipper of Vehumet
  4329 | D:4      | Found a basalt altar of Yredelemnul.
  4330 | D:4      | Found a broken altar of Ashenzari.
  4389 | D:4      | Found a shimmering altar of Xom.
  4599 | D:4      | Noticed a necrophage
  4616 | D:4      | Slain by a necrophage

Illustrated notes

Levels and vault maps discovered:
D:1:      elethiomel_arrival_maze, layout_loops_corners
D:2:      layout_loops_ring, corexii_shack, minivault_14, uniq_robin,
          uniq_crazy_yiuf_cottage
D:3:      minmay_inner_zag, layout_basic, mainiacjoe_overflow_boulevard,
          kiku_gazebo_garden_becter, ebering_ecumenical_altar_mist,
          skrybe_limestone_x, hangedman_decor_points, due_unseen_surprise
D:4:      layout_rooms, mainiacjoe_overflow_concentric_impassable,
          nicolae_overflow_hidden_temple, mainiacjoe_overflow_cross_hatched

Skill      XL: |  1  2  3  4 |
---------------+-------------+-----
Ice Magic      | 4 |  4.5
Fighting       | 1 |  1.3
Stealth        | 2 |  2.0
Dodging        | 2 |  2.1
Staves         | |  0.1
Armour         | |  0.9
Spellcasting   | |  2.8

Action                   |  1- 3 |  4- 6 || total
-------------------------+-------+-------++-------
Melee: Dagger            |    56 |       ||    56
       Tailslap          |    11 |     7 ||    18
       Staff             |     6 |    73 ||    79
       Punch             |     1 |     3 ||     4
 Cast: Freeze            |    41 |    15 ||    56
       Ozocubu's Armour  |       |     4 ||     4
       Frozen Ramparts   |       |     1 ||     1
  Use: Potion            |     1 |       ||     1
       Scroll            |       |     4 ||     4
 Stab: Sleeping          |     7 |       ||     7
Armor: Robe              |    12 |    26 ||    38
Dodge: Dodged            |    50 |    81 ||   131
